 Dungeon Crawl Stone Soup version 0.21-a0-150-gc243083 (webtiles) character file.

204 drasked the Ruffian (level 5, 0/53 HPs)
             Began as a Troll Monk on July 28, 2017.
             Slain by Crazy Yiuf
             ... wielding a +3 quarterstaff of chaos
              (13 damage)
             ... on level 3 of the Dungeon.
             The game lasted 00:11:10 (2650 turns).

drasked the Ruffian (Troll Monk)                    Turns: 2650, Time: 00:11:11

Health: 0/53       AC:  5    Str: 20    XL:     5   Next: 52%
Magic:  4/4        EV: 10    Int:  6    God:
Gold:   118        SH:  0    Dex: 12    Spells: 4/4 levels left

rFire    . . .     SeeInvis .     - Unarmed
rCold    . . .     Gourm    +   (no shield)
rNeg     . . .     Faith    .   a - +0 robe
rPois    .         Spirit   .   (helmet restricted)
rElec    .         Reflect  .   (no cloak)
rCorr    .         Harm     .   (gloves unavailable)
MR       .....                  (boots unavailable)
Stlth    +.........             (no amulet)
HPRegen  0.57/turn              (no ring)
MPRegen  0.09/turn              (no ring)

@: drained
A: unfitting armour, claws 3, fast metabolism 3, gourmand, regeneration 1,
shaggy fur 1, tough skin 2
a: no special abilities


You were on level 3 of the Dungeon.
You were full.

You visited 1 branch of the dungeon, and saw 3 of its levels.

You collected 118 gold pieces.

Inventory:

Armour
 a - a +0 robe (worn)
Jewellery
 p - a +4 amulet of reflection {unknown}
   (You found it on level 3 of the Dungeon)
 v - an uncursed amulet of the gourmand {unknown}
   (You found it on level 3 of the Dungeon)
Wands
 n - a wand of random effects (29/48)
   (You found it on level 2 of the Dungeon)
 s - a wand of scattershot (2/9)
   (You took it off Ijyb on level 3 of the Dungeon)
Scrolls
 c - a scroll of enchant armour {unknown}
 g - 2 scrolls of recharging
 i - 2 scrolls of amnesia {unknown}
 j - a scroll of remove curse {unknown}
 k - 2 scrolls of identify {unknown}
 r - 2 scrolls of teleportation {unknown}
 u - a scroll of random uselessness {unknown}
Potions
 e - a potion of haste
 h - a potion of resistance {unknown}
 l - a potion of curing {unknown}
 m - 2 potions of degeneration {unknown}
 q - 2 potions of mutation {unknown}
 w - a potion of heal wounds
Comestibles
 b - 2 bread rations {@e1}
 d - 8 fruits
 f - a royal jelly
 o - a meat ration {@e2}


   Skills:
 + Level 3.6(3.2) Fighting
 - Level 2.4(2.0) Dodging
 - Level 1.0(0.6) Stealth
 * Level 5.3(4.9) Unarmed Combat


You had 4 spell levels left.
You didn't know any spells.

Dungeon Overview and Level Annotations

Branches:
Dungeon (3/15)

Altars:
Nemelex Xobeh
Ru
Uskayaw
Wu Jian
Xom

Annotations:
D:3 Crazy Yiuf


Innate Abilities, Weirdness & Mutations

You are too large for most types of armour.
You have claws for hands.
Your metabolism is lightning-fast.
You like to eat raw meat.
Your natural rate of healing is unusually fast.
You are covered in fur. (AC +1)
You have very tough skin. (AC +2)


Message History

You claw the fungus! You claw the fungus! You claw the fungus!
You destroy the fungus!
You scratch the fungus. You claw the fungus!
You scratch the fungus but do no damage.
You scratch the fungus. You claw the fungus! You claw the fungus!
You claw the fungus!
You destroy the fungus!
You open the door.
Crazy Yiuf the Enlightened comes into view.
He is wielding a quarterstaff of chaos.
Crazy Yiuf shouts!
Crazy Yiuf waves his quarterstaff at you.
There is an open door here.
You scratch Crazy Yiuf. You claw Crazy Yiuf.
Crazy Yiuf hits you with a quarterstaff of chaos!
You are electrocuted!
You take 23 damage, and have 30/53 hp.
MASSIVE DAMAGE!!
You scratch Crazy Yiuf but do no damage.
Crazy Yiuf whimpers, "Peeping!
Iron meccalolo pizzabubble."
Crazy Yiuf hits you with a quarterstaff of chaos!
You take 12 damage, and have 18/53 hp.
MASSIVE DAMAGE!!
You barely miss Crazy Yiuf.
Crazy Yiuf hits you with a quarterstaff of chaos!
* * * LOW HITPOINT WARNING * * *
You feel drained.
* * * LOW HITPOINT WARNING * * *
You take 17 damage, and have 1/53 hp.
MASSIVE DAMAGE!!
Crazy Yiuf yells, "Citrus Hive green!"
Crazy Yiuf screams, "Island spinner sing!"
Crazy Yiuf cries, "Cards head hand!"
Crazy Yiuf grits, "Whiteboard illywillydillykilly seventy!"
Crazy Yiuf hits you with a quarterstaff of chaos!
* * * LOW HITPOINT WARNING * * *
Crazy Yiuf freezes you.
* * * LOW HITPOINT WARNING * * *
You take 13 damage, and have 3/53 hp.
MASSIVE DAMAGE!!
Items here: )) [[[ a leather armour; a hand axe; a leather armour; a club; a leather armour Crazy Yiuf flaps his cloak.
Crazy Yiuf flaps his cloak.
Crazy Yiuf laughs, "Cake sanguine Hive!"
Crazy Yiuf yells, "You!"
Crazy Yiuf laughs, "Sif Muna!
East arm ena."
Crazy Yiuf whimpers, "Ice down high!"
Crazy Yiuf waves his quarterstaff at you.
Crazy Yiuf cries, "Spliff!"
Crazy Yiuf says, "Action!
Line bag verde."
Crazy Yiuf grits, "Citrus mobile tea!"
Crazy Yiuf yells, "Lay disdain eyeball!"
Crazy Yiuf screams, "Snoogle!
Leather sow high."
Crazy Yiuf grits, "Blight alas illywillydillykilly!"
Crazy Yiuf yells, "Key!"
Crazy Yiuf laughs, "Dawk hand koolooloo!"
Crazy Yiuf says, "Iron arm stair!"
Crazy Yiuf grits, "Proton!
Spliff sing-song illywillydillykilly."
You see here a falchion.
Crazy Yiuf cries, "Earwax Xom King!"
Crazy Yiuf cries, "You leg down broken song, no?"
Health restored: 53 You scratch Crazy Yiuf but do no damage.
Crazy Yiuf hits you with a quarterstaff of chaos!
Crazy Yiuf draws strength from your wounds!
You take 10 damage, and have 43/53 hp.
You scratch Crazy Yiuf. Crazy Yiuf barely misses you.
You barely miss Crazy Yiuf.
Crazy Yiuf hits you with a quarterstaff of chaos.
Crazy Yiuf burns you.
You take 6 damage, and have 38/53 hp.
You barely miss Crazy Yiuf. You closely miss Crazy Yiuf.
Crazy Yiuf barely misses you.
You scratch Crazy Yiuf but do no damage.
Crazy Yiuf hits you with a quarterstaff of chaos!
You take 7 damage, and have 32/53 hp.
You claw Crazy Yiuf! Crazy Yiuf closely misses you.
You scratch Crazy Yiuf but do no damage.
Crazy Yiuf drinks a potion.
Crazy Yiuf is healed!
You claw Crazy Yiuf!
Crazy Yiuf hits you with a quarterstaff of chaos!
You take 11 damage, and have 22/53 hp.
MASSIVE DAMAGE!!
You barely miss Crazy Yiuf. You closely miss Crazy Yiuf.
Crazy Yiuf hits you with a quarterstaff of chaos.
You take 4 damage, and have 19/53 hp.
You completely miss Crazy Yiuf.
Crazy Yiuf hits you with a quarterstaff of chaos!
* * * LOW HITPOINT WARNING * * *
You take 6 damage, and have 13/53 hp.
You claw Crazy Yiuf! Crazy Yiuf hits you but does no damage.
You are electrocuted!
You die...

## #.# #.# .# #.# #.# .# #.#
#.################# .## ##.####
#.............).... ..# #.....#
###.....########### ..# #.....#
#...........# ..# #.....#
#...........#
..#####'#########...........#####
......)........g@..............>.
..#####.#########################
..#####.#########################
........[........................
..#.)##############.#############
.###.# #............... .###.##
##..#####..####. ......#
#......#..#.... ......##
##.###.#..#....


You could see Crazy Yiuf.

Vanquished Creatures
  A hound (D:3)
  Ijyb (D:3)
  4 adders
  4 gnolls (D:2)
  2 worms (D:3)
  3 dart slugs
  A leopard gecko (D:2)
  6 orcs (D:3)
  7 bats
  2 giant cockroaches
  4 goblins
  5 hobgoblins
  4 jackals (D:3)
  7 kobolds
  A quokka (D:2)
  A frilled lizard (D:1)
  7 rats
  2 fungi (D:3)
62 creatures vanquished.

Notes
Turn   | Place    | Note
-------+----------+-------------------------------------------
     0 | D:1      | drasked the Troll Monk began the quest for the Orb.
     0 | D:1      | Reached XP level 1. HP: 22/22 MP: 0/0
    69 | D:1      | drasked: ??off hand
    69 | D:1      | beem: I don't have a page labeled off_hand in my learndb.
    69 | D:1      | drasked: ??off-hand
    69 | D:1      | beem: I don't have a page labeled off-hand in my learndb.
    69 | D:1      | drasked: ??unarmed
    69 | D:1      | beem: unarmed combat[1/3]: Fighting without a weapon. Base damage is 3 + UC skill (+2 per claws level (so +6 Tr, +2 Gh), +X for forms); delay 1.0 - UC/54.0; +2 to hit.
   151 | D:1      | Reached XP level 2. HP: 27/29 MP: 1/1
   935 | D:2      | Reached XP level 3. HP: 22/36 MP: 2/2
  1048 | D:2      | Reached skill level 4 in Unarmed Combat
  1099 | D:2      | Reached skill level 3 in Fighting
  1107 | D:2      | HP: 6/37 [gnoll/spear (9)]
  1114 | D:2      | HP: 7/37 [gnoll/spear (1)]
  1150 | D:2      | HP: 5/37 [gnoll/spear (12)]
  1217 | D:2      | Reached XP level 4. HP: 26/45 MP: 3/3
  1717 | D:3      | Noticed Ijyb
  1730 | D:3      | Killed Ijyb
  1739 | D:3      | Reached skill level 5 in Unarmed Combat
  1739 | D:3      | Reached XP level 5. HP: 39/53 MP: 4/4
  1787 | D:3      | Found a hide-covered altar of Uskayaw.
  1808 | D:3      | Found a sacrificial altar of Ru.
  1848 | D:3      | Found an ornate altar of the Wu Jian Council.
  1860 | D:3      | Found a sparkling altar of Nemelex Xobeh.
  1961 | D:3      | Found a shimmering altar of Xom.
  2512 | D:3      | Found a runed door.
  2516 | D:3      | Noticed Crazy Yiuf
  2520 | D:3      | HP: 6/53 [Crazy Yiuf/quarterstaff of chaos (13)]
  2520 | D:3      | HP: 1/53 [Crazy Yiuf/quarterstaff of chaos (5)]
  2548 | D:3      | HP: 4/53 [Crazy Yiuf/quarterstaff of chaos (13)]
  2649 | D:3      | HP: 13/53 [Crazy Yiuf/quarterstaff of chaos (7)]
  2650 | D:3      | Slain by Crazy Yiuf

Vault maps used:
D:1:      minmay_arrival_semitransparent
D:2:      interstate_on_off
D:3:      nicolae_overflow_quartered_altars, nicolae_overflow_crystal_walls,
          uniq_ijyb, uniq_crazy_yiuf_cottage

Skill      XL: |  1  2  3  4 |
---------------+-------------+-----
Unarmed Combat | 4 5 |  5.3
Fighting       | 3 |  3.6
Dodging        | |  2.4
Stealth        | |  1.0

Action                   |  1- 3 |  4- 6 || total
-------------------------+-------+-------++-------
Melee: Unarmed           |    81 |    94 ||   175
       Punch             |       |     3 ||     3
  Use: Scroll            |     1 |       ||     1
 Stab: Sleeping          |     4 |     1 ||     5
  Eat: Chunk             |    11 |    16 ||    27
Armor: Robe              |    22 |    19 ||    41
Dodge: Dodged            |    41 |    35 ||    76

Vault maps used:
D:1:      minmay_arrival_semitransparent
D:2:      interstate_on_off
D:3:      nicolae_overflow_quartered_altars, nicolae_overflow_crystal_walls,
          uniq_ijyb, uniq_crazy_yiuf_cottage

Table legend:
 A = Turns spent in this place as a percentage of turns spent in the entire game.
 B = Non-inter-level travel turns spent in this place as a percentage of non-inter-level travel turns spent in the entire game.
 C = Inter-level travel turns spent in this place as a percentage of turns spent in this place.
 D = Turns resting spent in this place as a percentage of non-inter-level travel turns spent in this place.
 E = Turns spent auto-exploring this place as a percentage of non-inter-level travel turns spent in this place.
 F = Non-inter-level travel turns spent in this place divided by the number of levels of this place that you've seen.
                   A       B       C       D       E      F
               +-------+-------+-------+-------+-------+----------------------
         Total | 100.0 | 100.0 |   0.3 |   1.2 |   8.0 | 393.0
       Dungeon | 100.0 | 100.0 |   0.3 |   1.2 |   8.0 | 393.0
               +-------+-------+-------+-------+-------+----------------------

Table legend:
 A = Kills in this place as a percentage of kills in entire the game.
 B = Kills by you in this place as a percentage of kills by you in the entire game.
 C = Kills by friends in this place as a percentage of kills by friends in the entire game.
 D = Other kills in this place as a percentage of other kills in the entire game.
 E = Experience gained in this place as a percentage of experience gained in the entire game.
 F = Experience gained in this place divided by the number of levels of this place that you have seen.
                   A       B       C       D       E      F
               +-------+-------+-------+-------+-------+----------------------
         Total | 100.0 | 100.0 |  -nan |  -nan | 100.0 |  97.3
       Dungeon | 100.0 | 100.0 |  -nan |  -nan | 100.0 |  97.3
               +-------+-------+-------+-------+-------+----------------------
